 Dungeon Crawl Stone Soup version 0.28.0 (webtiles) character file.

Game seed: 1647381414904501550

335 blackman the Cleaver (level 6, -3/51 HPs)
             Began as a Minotaur Fighter on Feb 5, 2022.
             Slain by Edmund (6 damage)
             ... on level 4 of the Dungeon.
             The game lasted 00:04:15 (2874 turns).

blackman the Cleaver (Minotaur Fighter)             Turns: 2874, Time: 00:04:16

Health: -3/51      AC: 13    Str: 23    XL:     6   Next: 28%
Magic:  5/5        EV:  9    Int:  5    God:
Gold:   229        SH:  9    Dex:  9    Spells: 5/5 levels left

rFire   . . .      SeeInvis .   a - +0 war axe
rCold   . . .      Faith    .   c - +0 buckler
rNeg    . . .      Spirit   .   b - +0 scale mail
rPois   .          Reflect  +   (helmet restricted)
rElec   .          Harm     .   (no cloak)
rCorr   .          Rampage  .   q - +1 Delatra's gloves {ID++}
Will    .....                   (no boots)
Stlth   ..........              i - amulet of reflection
HPRegen 0.17/turn               f - +4 ring of protection
MPRegen 0.09/turn               (no ring)

@: no status effects
A: horns 2, retaliatory headbutt
a: no special abilities


You were on level 4 of the Dungeon.
You visited 1 branch of the dungeon, and saw 4 of its levels.

You collected 229 gold pieces.

Inventory:

Hand Weapons
 a - a +0 war axe (weapon)
Missiles
 k - 4 javelins (quivered)
Armour
 b - a +0 scale mail (worn)
 c - a +0 buckler (worn)
 q - the +1 Delatra's gloves (worn) {ID++}
   (You found it on level 3 of the Dungeon)

   It heals its wearer when they drink unknown potions.
   It restores its wearer's MP when they read unknown scrolls.
 w - a scarf of harm
Jewellery
 f - a +4 ring of protection (left hand)
 i - an amulet of reflection (around neck)
 n - an amulet of magic regeneration
Scrolls
 e - 2 scrolls of enchant weapon {unknown}
 g - 4 scrolls of teleportation {unknown}
 l - 2 scrolls of noise {unknown}
 u - a scroll of immolation {unknown}
 v - a scroll of enchant armour {unknown}
 x - a scroll of identify {unknown}
Potions
 d - a potion of might
 h - a potion of magic {unknown}
 j - a potion of lignification {unknown}
 m - 2 potions of mutation {unknown}
 o - 2 potions of flight {unknown}
 p - a potion of haste {unknown}
 r - a potion of heal wounds {unknown}
 s - a potion of attraction {unknown}
 t - a potion of berserk rage {unknown}


   Skills:
 - Level 3.6 Fighting
 + Level 8.1 Axes
 - Level 3.6 Armour
 - Level 3.6 Shields


You had 5 spell levels left.
You didn't know any spells.
Your spell library contained the following spells:

 Spells                   Type           Power      Damage    Failure   Level
 Animate Skeleton         Necr           0%         N/A       86%         1
 Pain                     Necr           0%         1d4       86%         1
 Sublimation of Blood     Necr           0%         N/A       95%         2
 Gell's Gravitas          Tloc           0%         N/A       99%         3
 Lesser Beckoning         Tloc           0%         N/A       99%         3
 Teleport Other           Tloc           0%         N/A       99%         3
 Vampiric Draining        Necr           0%         2d6       99%         3


Dungeon Overview and Level Annotations

Branches:
Dungeon (4/15)
 Temple: D:4-7

Altars:
Ashenzari
Cheibriados
Kikubaaqudgha
Qazlal
The Shining One

Shops:
D:1 *

Annotations:
D:4 Edmund


Innate Abilities, Weirdness & Mutations

You have a pair of horns on your head.
You reflexively headbutt those who attack you in melee.


Message History

You barely miss Edmund.
Edmund is moderately wounded.
Edmund barely misses you.
You hit Edmund.
Edmund is heavily wounded.
Edmund hits you but does no damage.
You barely miss Edmund.
Edmund is heavily wounded.
Edmund hits you with a +4 flail of protection.
You completely miss Edmund.
Edmund is heavily wounded.
Edmund hits you with a +4 flail of protection.
* * * LOW HITPOINT WARNING * * *
You barely miss Edmund. You headbutt Edmund.
Edmund is heavily wounded.
Edmund hits you but does no damage. You block Edmund's attack.
You hit Edmund but do no damage.
Edmund is heavily wounded.
Edmund hits you but does no damage.
You hit Edmund but do no damage.
Edmund is heavily wounded.
Edmund hits you with a +4 flail of protection.
* * * LOW HITPOINT WARNING * * *
You closely miss Edmund.
Edmund is heavily wounded.
Edmund hits you with a +4 flail of protection.
* * * LOW HITPOINT WARNING * * *
You closely miss Edmund.
Edmund is heavily wounded.
Edmund hits you but does no damage.
You barely miss Edmund. You headbutt Edmund!
Edmund is severely wounded.
Edmund barely misses you.
You slash Edmund! Your headbutt misses Edmund.
Edmund is severely wounded.
You block Edmund's attack. Edmund hits you but does no damage.
You completely miss Edmund.
Edmund is severely wounded.
Edmund hits you with a +4 flail of protection.
You die...

##[ #.. ######†.
#......# #.....## #
#########.....## #..
#......(.......#
#....####.########.[...#
#....@@..# #.....#
##...##### #.....# ###
#.....# ###.... ###..
#.. ### # #


You could see Edmund.

Vanquished Creatures
  Sigmund (D:3)
  An iguana (D:4)
  An orc wizard (D:3)
  Robin (D:2)
  2 adders (D:4)
  A worm (D:2)
  2 dart slugs (D:3)
  8 orcs
  6 ball pythons
  2 endoplasms
  4 giant cockroaches
  12 goblins
  8 hobgoblins
  6 jackals
  8 kobolds
  3 quokkas (D:2)
  6 bats
  4 frilled lizards
  4 rats
80 creatures vanquished.

Vanquished Creatures (others)
  A plant (D:1)
1 creature vanquished.

Grand Total: 81 creatures vanquished

Notes
Turn   | Place    | Note
-------+----------+-------------------------------------------
     0 | D:1      | blackman the Minotaur Fighter began the quest for the Orb.
     0 | D:1      | Reached XP level 1. HP: 19/19 MP: 0/0
   167 | D:1      | Reached skill level 3 in Axes
   290 | D:1      | Reached XP level 2. HP: 24/26 MP: 1/1
   647 | D:1      | Found Nulab's Assorted Antiques.
   690 | D:1      | Reached skill level 4 in Axes
   924 | D:2      | Reached XP level 3. HP: 31/31 MP: 2/2
  1129 | D:2      | Noticed Robin
  1145 | D:2      | Reached skill level 5 in Axes
  1151 | D:2      | Killed Robin
  1152 | D:2      | Reached XP level 4. HP: 19/39 MP: 3/3
  1875 | D:3      | Found a faded altar of an unknown god.
  2007 | D:3      | Prayed at the altar of an unknown god.
  2007 | D:3      | Became a worshipper of Kikubaaqudgha
  2007 | D:3      | Reached * piety under Kikubaaqudgha
  2007 | D:3      | Received a gift from Kikubaaqudgha
  2008 | D:3      | Fell from the grace of Kikubaaqudgha
  2039 | D:3      | Noticed Sigmund
  2049 | D:3      | Killed Sigmund
  2050 | D:3      | Reached skill level 7 in Axes
  2050 | D:3      | Reached XP level 5. HP: 31/45 MP: 4/4
  2242 | D:3      | Found a broken altar of Ashenzari.
  2248 | D:3      | Found a stormy altar of Qazlal.
  2249 | D:3      | Found a snail-covered altar of Cheibriados.
  2249 | D:3      | Found a glowing golden altar of the Shining One.
  2432 | D:3      | Found the +1 Delatra's gloves {ID++}
  2462 | D:3      | Reached XP level 6. HP: 31/51 MP: 5/5
  2756 | D:4      | Identified the +3 leather armour of Slovenliness {Drain rC+
                  | rN+ Stlth+}
  2764 | D:4      | Identified the +1 robe "Nimmum" {rN++}
  2771 | D:4      | Reached skill level 8 in Axes
  2851 | D:4      | Noticed Edmund
  2870 | D:4      | HP: 2/51 [Edmund (6)]
  2874 | D:4      | Slain by Edmund

Illustrated notes

Levels and vault maps discovered:
D:1:      kennysheep_arrival_forest, layout_basic, serial_shops,
          nicolae_shop_overgrown_old_shop, chequers_avenue, minmay_misc_feat_iff
D:2:      layout_loops_ring, corner_web_ring, minmay_ruptured, uniq_robin
D:3:      layout_basic, mainiacjoe_overflow_alcove_3,
          ebering_ecumenical_altar_webs, pf_guarded_unrand_delatra, uniq_sigmund
D:4:      layout_basic, temple_doors_ab, serial_corexii_hall,
          chequers_hall_statues_y, corexii_hall_statues_i, uniq_blork_the_orc,
          uniq_pikel, uniq_crazy_yiuf_cottage, uniq_edmund

Skill      XL: |  1  2  3  4  5  6 |
---------------+-------------------+-----
Axes           | 3 4 5 7 8 |  8.1
Fighting       | |  3.6
Armour         | |  3.6
Shields        | |  3.6

Action                   |  1- 3 |  4- 6 || total
-------------------------+-------+-------++-------
Melee: War axe           |    93 |    93 ||   186
       Headbutt          |    11 |    14 ||    25
Invok: Renounce Religion |       |     1 ||     1
Armor: Scale mail        |    67 |    38 ||   105
Dodge: Dodged            |    44 |    38 ||    82
Block: Buckler           |    54 |    43 ||    97
       Reflection        |       |     1 ||     1
